 Dungeon Crawl Stone Soup version 0.27-a0-898-g810843a28d (webtiles) character file.

Game seed: 12080215225646864640

9956 Lanoc the Fighter (level 11, -1/95 HPs)
             Began as a Demonspawn Venom Mage on Apr 6, 2021.
             Was a High Priest of Dithmenos.
             Killed by refrigeration
             ... invoked by Fannar
              (28 damage)
             ... on level 10 of the Dungeon.
             The game lasted 00:26:56 (15660 turns).

Lanoc the Fighter (Demonspawn Venom Mage)          Turns: 15660, Time: 00:26:57

Health: -1/95      AC: 19    Str: 18    XL:     11   Next: 29%
Magic:  14/14      EV:  9    Int: 18    God:    Dithmenos [*****.]
Gold:   0          SH: 22    Dex: 15    Spells: 13/14 levels left

rFire    + . .     SeeInvis .   d - +2 dagger (elec)
rCold    . . .     Faith    .   A - +2 kite shield
rNeg     + . .     Spirit   .   v - +8 chain mail "Buithoh" {rN+ Will- Str+3}
rPois    .         Reflect  +   (helmet restricted)
rElec    .         Harm     .   s - +1 cloak
rCorr    .         Rampage  .   f - +0 pair of gloves
Will     .....                  (no boots)
Stlth    ..........             w - amulet of reflection
HPRegen  0.25/turn              i - ring of protection from fire
MPRegen  0.14/turn              p - +6 ring of strength

@: wreathed by umbra
A: antennae 1, large bone plates 2, demonic guardian 3, powered by pain 1
a: Renounce Religion, Shadow Step, Shadow Form


You were on level 10 of the Dungeon.
You worshipped Dithmenos.
Dithmenos was extremely pleased with you.
You visited 2 branches of the dungeon, and saw 11 of its levels.

Inventory:

Hand Weapons
 d - a +2 dagger of electrocution (weapon)
Missiles
 x - 8 atropa-tipped darts
 E - 4 boomerangs of dispersal
 F - a curare-tipped dart
Armour
 f - a +0 pair of gloves (worn)
 s - a +1 cloak (worn)
 v - the +8 chain mail "Buithoh" (worn) {rN+ Will- Str+3}
   (You took it off an orc on level 5 of the Dungeon)

   It affects your strength (+3).
   It protects you from negative energy.
   It decreases your willpower.
 A - a +2 kite shield (worn)
Jewellery
 i - a ring of protection from fire (left hand)
 p - a +6 ring of strength (right hand)
 w - an amulet of reflection (around neck)
Wands
 k - a wand of mindburst (17)
 m - a wand of digging (6)
 D - a wand of acid (4)
Scrolls
 h - a scroll of enchant weapon {unknown}
 j - 3 scrolls of fog {unknown}
 l - 2 scrolls of amnesia {unknown}
 o - a scroll of vulnerability
 r - a scroll of teleportation
 u - 3 scrolls of enchant armour {unknown}
 y - 2 scrolls of fear
 z - 3 scrolls of magic mapping
Potions
 a - a potion of curing
 b - 4 potions of attraction
 c - 2 potions of berserk rage
 e - a potion of degeneration {unknown}
 g - 2 potions of cancellation
 n - 2 potions of might
 q - 3 potions of flight
 G - a potion of mutation {unknown}


   Skills:
 + Level 11.8 Fighting
 + Level 11.1 Dodging
 - Level 1.7 Stealth
 - Level 4.0 Shields
 - Level 2.0 Spellcasting
 - Level 0.8 Transmutations
 - Level 3.8 Poison Magic


You had 13 spell levels left.
You knew the following spells:

 Your Spells              Type           Power      Damage    Failure   Level
a - Sting                 Tmut/Pois      40%        1d5       99%         1

Your spell library contained the following spells:

 Spells                   Type           Power      Damage    Failure   Level
 Corona                   Hex            1%         N/A       100%        1
 Foxfire                  Conj/Fire      4%         2x1d4     100%        1
 Summon Small Mammal      Summ           4%         N/A       100%        1
 Call Imp                 Summ           1%         N/A       100%        2
 Poisonous Vapours        Pois/Air       16%        N/A       100%        2
 Slow                     Hex            1%         N/A       100%        2
 Call Canine Familiar     Summ           1%         N/A       100%        3
 Conjure Flame            Conj/Fire      1%         6-21      100%        3
 Ignite Poison            Fire/Tmut/Pois 7%         N/A       100%        3
 Inner Flame              Hex/Fire       1%         N/A       100%        3
 Mephitic Cloud           Conj/Pois/Air  6%         N/A       100%        3
 Portal Projectile        Hex/Tloc       2%         N/A       100%        3
 Summon Guardian Golem    Hex/Summ       1%         N/A       100%        3
 Cause Fear               Hex            0%         N/A       100%        4
 Leda's Liquefaction      Hex/Erth       0%         N/A       100%        4
 Olgreb's Toxic Radiance  Pois           15%        N/A       100%        4
 Sticky Flame             Conj/Fire      1%         2d3       100%        4
 Summon Ice Beast         Ice/Summ       1%         N/A       100%        4
 Summon Lightning Spire   Summ/Air       1%         N/A       100%        4
 Fireball                 Conj/Fire      0%         3d3       100%        5


Dungeon Overview and Level Annotations

Branches:
Dungeon (10/15)            Temple (1/1) D:5            Lair (0/6) D:8
    Orc: D:9-12

Altars:
Dithmenos
Fedhas
Sif Muna
Trog
Uskayaw
Yredelemnul
The Shining One
Beogh

Annotations:
D:10 exclusion: obsidian statue, Fannar, Maurice


Innate Abilities, Weirdness & Mutations

You have a pair of small antennae on your head.
You are mostly covered in large bone plates. (SH +6)
A powerful demonic guardian rushes to your aid.
You sometimes gain a little power by taking damage.


Message History

You drop a scarf of repulsion.
HP restored.
The orc shouts!
You see here a +0 short sword.
You see here a +0 hand axe.
Things that are here:
a +0 war axe; a +0 chain mail; an orc corpse Fannar is nearby!
No reachable target in view!
Fannar shouts!
Fannar murmurs some mystic words to themself.
Fannar gestures wildly while chanting.
Fannar blinks!
You miss Fannar.
Fannar casts a spell.
Fannar drains the heat from the surrounding environment!
You closely miss Fannar.
Your shadow closely misses Fannar.
Fannar mumbles some strange words.
You block Fannar's attack.
Fannar gestures wildly while chanting.
Fannar drains the heat from the surrounding environment!
There is an open door here.
Fannar mumbles some strange words.
Fannar drains the heat from the surrounding environment!
Fannar casts a spell at you. The bolt of cold misses you.
Fannar mumbles some strange words.
Fannar drains the heat from the surrounding environment!
* * * LOW HITPOINT WARNING * * *
A demonic guardian appears!
The ice beast hits your sun demon but does no damage.
You feel much better.
Your sun demon completely misses the ice beast.
The ice beast hits your sun demon but does no damage.
Your sun demon closely misses the ice beast.
The ice beast hits your sun demon but does no damage.
Your sun demon closely misses the ice beast.
Fannar mumbles some strange words.
Fannar drains the heat from the surrounding environment!
You die...

#...........# # #........##.# #
#...........##### #######
#......######...###......
#......#...##.....#..##..
#......#...##....e'......
#......#...##.....#......
#########......#...##e....#......
................@..3Y..........))
P...≈≈≈≈≈≈≈≈≈≈≈≈≈≈≈≈≈≈≈....≈≈≈≈≈≈
....≈≈≈≈≈≈≈≈≈≈≈≈≈≈≈≈≈≈).)..≈≈≈≈≈≈
....≈≈#####≈≈≈≈≈≈≈≈≈≈≈))...≈≈≈≈≈≈
....≈≈#o..#......................
....≈≈#...#############''''######
....≈≈###'# ....#....#.....
....≈≈≈.#.' ....'....).....
....≈≈≈.# .....#....#.....


You could see Fannar (icy armour), an ice beast (summoned, ally target) and a
friendly sun demon (summoned).

Vanquished Creatures
  Josephine (D:10)
  A two-headed ogre (D:10)
  Pikel (D:8)
  An orc knight (D:10)
  Joseph (D:10)
  A centaur zombie (D:10)
  3 yaks (D:9)
  2 wraiths (D:10)
  Grum (D:10)
  6 wargs (D:10)
  A water moccasin (D:7)
  An ice beast (D:7)
  9 orc warriors
  An ogre (D:9)
  2 wolves (D:10)
  A centaur (D:8)
  A phantom (D:5)
  A gnoll sergeant (D:8)
  3 bullfrogs
  2 kobold brigands
  A scorpion (D:5)
  6 killer bees (D:9)
  4 howler monkeys
  3 bullfrog zombies
  3 orc priests
  3 hounds
  An iguana (D:4)
  10 orc wizards
  4 killer bee zombies
  A hound skeleton (D:4)
  7 gnolls
  5 adders
  2 shadow imps (D:6)
  A white imp (D:4)
  A worm (D:2)
  2 dart slugs
  68 orcs
  2 bats
  7 endoplasms
  4 giant cockroaches
  A goblin (D:1)
  6 hobgoblins
  6 jackals
  9 kobolds
  5 quokkas
  7 ball pythons
  A frilled lizard (D:1)
  4 rats
214 creatures vanquished.

Vanquished Creatures (collateral kills)
  A two-headed ogre (D:9)
  The ghost of Gonzollydolly the Chopper, a novice HONe of Makhleb (D:5)
  A wraith (D:10)
  Eustachio (D:4)
  10 wargs
  A water moccasin (D:7)
  3 orc warriors
  A sky beast (D:5)
  3 ogres
  A centaur (D:8)
  6 killer bees (D:6)
  A gnoll shaman (D:10)
  A hound (D:5)
  4 orc priests
  An iguana (D:5)
  4 orc wizards
  A killer bee zombie (D:8)
  An adder (D:5)
  3 gnolls
  A white imp (D:6)
  17 orcs
63 creatures vanquished.

Vanquished Creatures (others)
  2 orc wizards
  7 plants (D:10)
9 creatures vanquished.

Grand Total: 286 creatures vanquished

Notes
Turn   | Place    | Note
-------+----------+-------------------------------------------
     0 | D:1      | Lanoc the Demonspawn Venom Mage began the quest for the
                  | Orb.
     0 | D:1      | Reached XP level 1. HP: 13/13 MP: 3/3
   243 | D:1      | Gained mutation: A weak demonic guardian rushes to your
                  | aid. [demonic ancestry]
   243 | D:1      | Reached XP level 2. HP: 20/20 MP: 0/5
   267 | D:1      | Reached skill level 1 in Fighting
   536 | D:1      | Found a faded altar of an unknown god.
   544 | D:1      | Became a worshipper of Dithmenos the Shadowed
   544 | D:1      | Reached * piety under Dithmenos
   757 | D:1      | Reached XP level 3. HP: 26/26 MP: 3/6
  2264 | D:3      | Found a shimmering blue altar of Sif Muna.
  2283 | D:3      | Reached ** piety under Dithmenos
  2298 | D:3      | Gained mutation: A demonic guardian rushes to your aid.
                  | [demonic ancestry]
  2298 | D:3      | Reached XP level 4. HP: 22/33 MP: 1/7
  2910 | D:4      | Noticed Eustachio
  2931 | D:4      | Killed Eustachio
  2932 | D:4      | Gained mutation: You are partially covered in large bone
                  | plates. (SH +4) [demonic ancestry]
  2932 | D:4      | Reached XP level 5. HP: 18/41 MP: 6/8
  3355 | D:4      | Reached XP level 6. HP: 40/48 MP: 0/9
  4487 | D:5      | Entered Level 5 of the Dungeon
  4751 | D:5      | Found a runed translucent gate.
  4751 | D:5      | Noticed Gonzollydolly's ghost (novice HONe)
  4752 | D:5      | Found a runed translucent gate.
  4752 | D:5      | Identified the +8 chain mail "Buithoh" {rN+ Will- Str+3}
  4753 | D:5      | Found a runed translucent gate.
  4754 | D:5      | Noticed an orc warrior
  5064 | D:5      | Gained mutation: You sometimes gain a little power by
                  | taking damage. [demonic ancestry]
  5064 | D:5      | Reached XP level 7. HP: 20/55 MP: 7/10
  5527 | D:5      | Reached skill level 5 in Dodging
  5542 | D:5      | Reached skill level 5 in Fighting
  5920 | D:5      | Found a staircase to the Ecumenical Temple.
  5980 | Temple   | Entered the Ecumenical Temple
  6657 | D:5      | Gained mutation: A powerful demonic guardian rushes to your
                  | aid. [demonic ancestry]
  6657 | D:5      | Reached XP level 8. HP: 39/64 MP: 11/11
  6857 | D:5      | Killed Gonzollydolly's ghost
  7068 | D:6      | Reached *** piety under Dithmenos
  9176 | D:7      | Gained mutation: You have a pair of small antennae on your
                  | head. [demonic ancestry]
  9176 | D:7      | Reached XP level 9. HP: 65/74 MP: 12/12
  9749 | D:8      | Found a staircase to the Lair.
 10044 | D:8      | Reached **** piety under Dithmenos
 10412 | D:8      | Noticed Pikel
 10421 | D:8      | Killed Pikel
 11318 | D:9      | Reached skill level 1 in Shields
 11653 | D:9      | Reached XP level 10. HP: 85/85 MP: 13/13
 11676 | D:9      | Reached skill level 10 in Fighting
 11880 | D:9      | Noticed a two-headed ogre
 11883 | D:9      | Killed a two-headed ogre
 12454 | D:10     | Entered Level 10 of the Dungeon
 12943 | D:10     | Reached skill level 10 in Dodging
 13438 | D:10     | Noticed an orc knight
 13515 | D:10     | Reached ***** piety under Dithmenos
 13707 | D:10     | Noticed Joseph
 13725 | D:10     | Killed Joseph
 13807 | D:10     | Noticed an obsidian statue
 13808 | D:10     | Noticed a smoke demon
 13950 | D:10     | Noticed a sun demon
 13957 | D:10     | Noticed a sixfirhy
 13968 | D:10     | Noticed Fannar
 13970 | D:10     | Noticed Grum
 14424 | D:10     | Killed an orc knight
 14425 | D:10     | Gained mutation: You are mostly covered in large bone
                  | plates. (SH +6) [demonic ancestry]
 14425 | D:10     | Reached XP level 11. HP: 74/93 MP: 14/14
 14537 | D:10     | Noticed a two-headed ogre
 14558 | D:10     | Killed a two-headed ogre
 14788 | D:10     | Noticed Josephine
 14812 | D:10     | Killed Josephine
 15354 | D:10     | Killed Grum
 15571 | D:10     | Identified the +5 hand crossbow "Wausod" {elec, Str+4
                  | Stlth+}
 15571 | D:10     | Noticed Maurice
 15655 | D:10     | HP: 4/95 [Fannar/refrigeration (28)]
 15660 | D:10     | Killed from afar by Fannar

Illustrated notes

Levels and vault maps discovered:
D:1:      dpeg_arrival_round_a, layout_rooms, basic_ecumenical_altar
D:2:      layout_loops_cross
D:3:      layout_rooms, nicolae_overflow_crystal_walls
D:4:      layout_basic, minmay_pentangle, uniq_eustachio
D:5:      layout_loops_corners, minmay_temple_entry_arrows,
          biasface_ghost_orc_armoury
D:6:      layout_gridville
D:7:      layout_cave_pods
D:8:      layout_basic, erik_lair_orcish_takeover, uniq_pikel
D:9:      layout_basic, special_room [special_room_orc]
D:10:     lemuel_castle_with_subvaults [lemuel_castle_interior_carwin_1],
          layout_stronghold, minmay_statue_bubble, uniq_josephine, uniq_maurice,
          uniq_fannar, uniq_joseph, uniq_grum
Temple:   compressed_dpeg_triangle_lava_temple

Skill      XL: |  1  2  3  4  5  6  7  8  9 10 11 |
---------------+----------------------------------+-----
Dodging        | 2 3 4 6 7 9 10 11 | 11.1
Fighting       | 1 3 4 6 8 9 11 | 11.8
Shields        | 1 4 |  4.0
Stealth        | |  1.7
Spellcasting   | |  2.0
Transmutations | |  0.8
Poison Magic   | |  3.8

Action                   |  1- 3 |  4- 6 |  7- 9 | 10-12 || total
-------------------------+-------+-------+-------+-------++-------
Melee: Unarmed           |     6 |       |       |       ||     6
       Spear             |    30 |    69 |   304 |       ||   403
       Dagger            |       |       |   229 |   494 ||   723
 Cast: Sting             |    76 |    79 |    56 |       ||   211
Evoke: Lightning rod     |       |       |       |     4 ||     4
       Wand              |       |       |       |     4 ||     4
  Use: Potion            |       |       |     7 |     1 ||     8
       Scroll            |       |       |       |     9 ||     9
 Stab: Sleeping          |       |     1 |       |       ||     1
Armor: Robe              |    11 |     9 |    13 |       ||    33
       Chain mail        |       |       |   297 |   159 ||   456
       Skin              |       |       |       |     6 ||     6
Dodge: Dodged            |    52 |    80 |   283 |   126 ||   541
       Repelled          |       |       |     3 |     1 ||     4
Block: Other             |       |    24 |   182 |       ||   206
       Kite shield       |       |       |   115 |   655 ||   770
       Reflection        |       |       |     3 |    10 ||    13

Table legend: (Time is in decaauts)
 A = Elapsed time spent in this place.
 B = Non-inter-level travel time spent in this place.
 C = Inter-level travel time spent in this place.
 D = Time resting spent in this place.
 E = Time spent auto-exploring this place.
 F = Levels seen in this place.
 G = Mean time per level.
                   A        B        C        D        E       F      G
               +--------+--------+--------+--------+--------+-----+--------+
         Total |  15858 |  15649 |    209 |    574 |  11943 |  11 | 1441.6 |
       Dungeon |  15856 |  15647 |    209 |    574 |  11943 |  10 | 1585.6 |
        Temple |      1 |      1 |      0 |      0 |      0 |   1 |    1.0 |
               +--------+--------+--------+--------+--------+-----+--------+

Top non-repeatable levels by time:
    D:10: 3312 daAuts
     D:5: 2554 daAuts
     D:4: 1753 daAuts
     D:9: 1528 daAuts
     D:6: 1471 daAuts
     D:1: 1358 daAuts
     D:7: 1250 daAuts
     D:8: 1245 daAuts
     D:2: 755 daAuts
     D:3: 625 daAuts
  Temple: 1 daAuts
